 Dungeon Crawl Stone Soup version 0.29.1-13-g9f3cf754e1 (webtiles) character file.

Game seed: 11309159276022141979

70 nshep25 the Grasshopper (level 4, -5/23 HPs)
             Began as a Spriggan Warper on Feb 1, 2023.
             Killed from afar by an orc wizard (10 damage)
             ... with a magic dart
             ... on level 2 of the Dungeon.
             The game lasted 00:05:53 (3849 turns).

nshep25 the Grasshopper (Spriggan Warper)           Turns: 3849, Time: 00:05:54

Health: -5/23      AC:  2    Str:  7    XL:     4   Next: 4%
Magic:  9/9        EV: 18    Int: 14    God:
Gold:   127        SH:  0    Dex: 16    Spells: 7/9 levels left

rFire   . . .      SeeInvis +   a - +0 short sword
rCold   . . .      Faith    .   (no shield)
rNeg    . . .      Spirit   .   b - +0 robe
rPois   .          Reflect  .   (helmet restricted)
rElec   .          Harm     .   (no cloak)
rCorr   .          Rampage  .   (gloves unavailable)
Will    .....                   (boots unavailable)
Stlth   ++........              (no amulet)
HPRegen 0.07/turn               (no ring)
MPRegen 0.11/turn               (no ring)

@: very quick
A: very small, no large weapons, unfitting armour, see invisible, speed 3
a: no special abilities


You were on level 2 of the Dungeon.
You visited 1 branch of the dungeon, and saw 3 of its levels.

You collected 127 gold pieces.

Inventory:

Hand Weapons
 a - a +0 short sword (weapon)
Missiles
 d - 7 boomerangs of dispersal
 i - 2 poisoned darts (quivered)
Armour
 b - a +0 robe (worn)
Magical Staves
 j - a staff of air
Wands
 n - a wand of flame (16)
Scrolls
 c - a scroll of blinking
 f - 3 scrolls of teleportation {unknown}
 h - a scroll of identify {unknown}
 k - a scroll of poison {unknown}
Potions
 e - a potion of degeneration {unknown}
 g - a potion of magic {unknown}
 l - a potion of brilliance {unknown}
 m - a potion of curing {unknown}


   Skills:
 + Level 1.8 Fighting
 + Level 3.0 Short Blades
 + Level 1.1 Throwing
 + Level 4.2 Dodging
 + Level 2.3 Stealth
 + Level 3.0 Spellcasting
 + Level 4.6 Translocations


You had 7 spell levels left.
You knew the following spells:

 Your Spells              Type           Power      Damage    Failure   Level
a - Blink                 Tloc           30%        N/A       4%          2

Your spell library contained the following spells:

 Spells                   Type           Power      Damage    Failure   Level
 Gell's Gravitas          Tloc           15%        N/A       10%         3
 Lesser Beckoning         Tloc           15%        N/A       10%         3
 Teleport Other           Tloc           15%        N/A       10%         3
 Beastly Appendage        Tmut           4%         N/A       22%         1
 Wereblood                Tmut           2%         N/A       32%         2
 Spider Form              Tmut/Pois      2%         N/A       54%         3
 Manifold Assault         Tloc           15%        N/A       65%         5


Dungeon Overview and Level Annotations

Branches:
Dungeon (3/15)

Altars:


Innate Abilities, Weirdness & Mutations

You are very small and have problems with some larger weapons.
You are too small for most types of armour.
You have supernaturally acute eyesight. (SInv)
You cover ground extremely quickly. (Speed+++)


Message History

The orc wizard barely misses you. The orc barely misses you.
You hit the orc wizard but do no damage.
The orc wizard is severely wounded.
The orc wizard barely misses you. The orc closely misses you.
There is a stone staircase leading up, spattered with blood here.
You are too injured to fight recklessly!
Throw: 3 darts (poison)
Press: ? - help, Q - select action, (/) - cycle Shift-Dir - straight line, f - orc wizard
Aim: an orc wizard, wielding a +0 dagger and wearing a +0 robe (severely wounded, 51% to hit)
You throw a poisoned dart. The poisoned dart hits the orc wizard.
The orc wizard is severely wounded.
You closely miss the orc wizard.
The orc wizard is severely wounded.
The orc wizard points at you and mumbles some strange words.
You easily resist.
The orc hits you from afar with a +0 trident.
* * * LOW HITPOINT WARNING * * *
The orc wizard casts a spell at you.
You easily resist.
The orc barely misses you.
You climb upwards.
There is a stone staircase leading down here.
You barely miss the orc wizard.
The orc wizard is severely wounded.
The orc wizard completely misses you.
You hit the orc wizard.
The orc wizard is almost dead.
The orc wizard gestures at you while chanting.
The puff of flame misses you.
You hit the orc wizard but do no damage.
The orc wizard is almost dead.
The orc wizard misses you.
You hit the orc wizard but do no damage.
The orc wizard is almost dead.
The orc wizard gestures at you while chanting.
The puff of flame misses you.
You barely miss the orc wizard.
The orc wizard is almost dead.
The orc wizard points at you and mumbles some strange words.
The magic dart hits you!
You die...

#.......# #......##~♣~~♣
#.......# #......##~~~~≈
#.......# #......##~~~~≈
#.......###......'.~~~~≈
#.......##.......##~~~≈≈
#.......#........##♣♣~≈≈
#.........#......##~~~~≈
#######[###........P♣♣~≈
#@o.#........♣~~~≈
#.......###...~♣~≈
###.###..##...~♣~~ #.#
##.##...~~~~
#.####......~♣~~
#............♣~~ #
########.######...>.♣♣~
####
#....................♣÷
...###
#........######.......♣


You could see an orc wizard.

Vanquished Creatures
  An adder (D:2)
  A worm (D:2)
  2 dart slugs (D:1)
  2 orcs
  4 ball pythons
  2 bats
  2 endoplasms (D:2)
  2 giant cockroaches
  4 goblins
  3 hobgoblins
  8 jackals (D:2)
  4 quokkas (D:2)
  4 frilled lizards
  4 kobolds
  A rat (D:2)
44 creatures vanquished.

Vanquished Creatures (others)
  25 plants (D:2)
25 creatures vanquished.

Grand Total: 69 creatures vanquished

Notes
Turn   | Place    | Note
-------+----------+-------------------------------------------
     0 | D:1      | nshep25 the Spriggan Warper began the quest for the Orb.
     0 | D:1      | Reached XP level 1. HP: 10/10 MP: 5/5
   389 | D:1      | Reached XP level 2. HP: 12/14 MP: 6/6
   506 | D:1      | Learned a level 2 spell: Blink
  1385 | D:2      | Reached skill level 1 in Stealth
  1794 | D:2      | Reached XP level 3. HP: 15/18 MP: 8/8
  3291 | D:2      | Found a faded altar of an unknown god.
  3527 | D:3      | Reached XP level 4. HP: 17/23 MP: 9/9
  3849 | D:2      | Killed from afar by an orc wizard

Illustrated notes

Levels and vault maps discovered:
D:1:      pf_arrival_petrified_forest, layout_basic
D:2:      layout_basic, serial_bayou, serial_bayou_lake_a, serial_bayou_pond_d,
          serial_bayou_shore_b, serial_bayou_pond_c,
          hellmonk_ecumenical_altar_arch_garden
D:3:      layout_loops_ring, nicolae_qazlal_general_emergency

Skill      XL: |  1  2  3 |
---------------+----------+-----
Spellcasting   | 3 |  3.0
Stealth        | 1 2 |  2.3
Dodging        | 4 |  4.2
Short Blades   | 3 |  3.0
Fighting       | |  1.8
Throwing       | |  1.1
Translocations | |  4.6

Action                   |  1- 3 |  4- 6 || total
-------------------------+-------+-------++-------
Melee: Short sword       |   266 |    27 ||   293
       Punch             |     4 |       ||     4
Throw: Dart              |     7 |     2 ||     9
 Stab: Sleeping          |     4 |       ||     4
Armor: Robe              |    27 |     2 ||    29
Dodge: Dodged            |   209 |    31 ||   240
